 Dungeon Crawl Stone Soup version 0.31-a0-920-g28cbb04a8c (webtiles) character file.

Game seed: 7644708365538382174

4567 Xavori the Trooper (level 10, -1/71 HPs)
             Began as an Octopode Chaos Knight on Oct 17, 2023.
             Was a Plaything of Xom.
             Killed from afar by an electric eel (13 damage)
             ... with a bolt of electricity
             ... on level 8 of the Dungeon.
             The game lasted 00:08:16 (16070 turns).

Xavori the Trooper (Octopode Chaos Knight)         Turns: 16070, Time: 00:08:16

Health: -1/71      AC:  5    Str: 16      XL:     10   Next: 40%
Magic:  10/10      EV: 15    Int: 12 (14) God:    Xom [*.....]
Gold:   592        SH:  8    Dex: 18 (22) Spells: 9/9 levels left

rFire   + . .        s - +7 short sword of Valiance {flame, Str+4}
rCold   . . .        h - +0 kite shield
rNeg    . . .        (helmet restricted)
rPois   .            (no amulet)
rElec   .            n - +4 ring of protection
rCorr   .            j - ring of flight
SInv    .            a - +6 ring of dexterity
Will    .....        (no ring)
Stlth   +++          (no ring)
HPRegen 0.31/turn    (no ring)
MPRegen 0.12/turn    (no ring)
                     (no ring)

%: no passive effects
@: flying
A: almost no armour, amphibious, 8 rings, camouflage 1, gelatinous body 1,
(nimble swimmer 1), tentacles, beak, deterioration 2, fire resistance 1,
mutation resistance 1, MP-powered wands
a: Renounce Religion


You were on level 8 of the Dungeon.
You worshipped Xom.
You were a special plaything of Xom.
You visited 1 branch of the dungeon, and saw 8 of its levels.
You also visited: Ossuary.

You collected 592 gold pieces.

Inventory:

Hand Weapons
 s - the +7 short sword of Valiance (weapon) {flame, Str+4}
   (You found it on level 3 of the Dungeon)

   Str+4:     It affects your strength (+4).
Armour
 h - a +0 kite shield (worn)
Jewellery
 a - a +6 ring of dexterity (on tentacle)
 j - a ring of flight (right tentacle)
 k - the ring "Toostra" {Wiz *Slow rC+ rN+ Int+4}
   (Xom gifted it to you on level 1 of the Dungeon)

   [ring of wizardry]

   Wiz:       It improves your spell success rate.
   Int+4:     It affects your intelligence (+4).
   rC+:       It protects you from cold.
   rN+:       It protects you from negative energy.
   *Slow:     It may slow you when you take damage.
 n - a +4 ring of protection (left tentacle)
Talismans
 r - a maw talisman
Wands
 l - a wand of acid (3)
 m - a wand of paralysis (19)
 t - a wand of mindburst (12)
 w - a wand of polymorph (8)
 y - a wand of roots (8)
Scrolls
 b - 2 scrolls of butterflies
 e - 4 scrolls of revelation
 f - 2 scrolls of enchant weapon
 g - a scroll of noise {unknown}
 i - 2 scrolls of teleportation
 o - a scroll of immolation {unknown}
 u - a scroll of amnesia
 v - a scroll of fear
 B - a scroll of torment {unknown}
Potions
 c - 3 potions of heal wounds {unknown}
 d - a potion of mutation {unknown}
 p - a potion of cancellation
 q - a potion of magic {unknown}
 x - a potion of haste {unknown}
 z - 2 potions of might {unknown}
 A - a potion of invisibility {unknown}


   Skills:
 + Level 7.4 Fighting
 + Level 7.4 Short Blades
 + Level 7.2 Dodging
 + Level 7.1 Evocations
 + Level 5.7 Shapeshifting


You had 9 spell levels left.
You didn't know any spells.
Your spell library contained the following spells:

 Spells                   Type           Power      Damage    Failure   Level
 Lesser Beckoning         Tloc           0%         N/A       86%         2
 Gell's Gravitas          Tloc           0%         N/A       98%         3
 Ozocubu's Armour         Ice            0%         N/A       98%         3
 Teleport Other           Tloc           0%         N/A       98%         3
 Ozocubu's Refrigeration  Ice            0%         4d7       100%        7


Dungeon Overview and Level Annotations

Branches:
Dungeon (8/15)             Temple (0/1) D:6         Ossuary (visited)
   Lair: D:8-11

Altars:
Ashenzari
Dithmenos
Makhleb
Nemelex Xobeh
Okawaru
Sif Muna
Uskayaw
Xom

Shops:
D:2 :   D:8 [


Innate Abilities, Weirdness & Mutations

You cannot wear most types of armour.
You are amphibious.
You can wear up to eight rings at the same time.
Your skin changes colour to match your surroundings (Stealth+).
Your rubbery body absorbs attacks. (AC +1, EV +1)
((You are camouflaged when in or above water. (Stealth+)))
You have tentacles for arms and can constrict up to eight enemies at once.
You have a beak for a mouth.
Your body often deteriorates upon taking damage.
Your flesh is heat resistant. (rF+)
You are somewhat resistant to further mutation.
You expend magic power (3 MP) to strengthen your wands.


Message History

An electric eel is nearby!
An electric eel comes into view.
Found a ruby potion.
There is an open door here.
There are monsters nearby!
The electric eel shoots out a bolt of lightning at you!
The bolt of electricity hits you!
The electric eel shoots out a bolt of lightning at you!
The bolt of electricity hits you!
Your body deteriorates!
You feel dopey.
The electric eel shoots out a bolt of lightning at you!
The bolt of electricity hits you!
Your body deteriorates!
You feel clumsy.
Unknown command.
The electric eel shoots out a bolt of lightning at you!
The bolt of electricity hits the electric eel.
The electric eel completely resists.
The bolt of electricity misses you.
Xom thinks this is hilarious!
Unknown command.
You hit the electric eel. You burn the electric eel.
Your grab misses the electric eel.
The electric eel is lightly wounded.
The electric eel shoots out a bolt of lightning at you!
The bolt of electricity hits you!
The electric eel shoots out a bolt of lightning at you!
The bolt of electricity hits the electric eel.
The electric eel completely resists.
The bolt of electricity misses you.
Okay, then.
The electric eel shoots out a bolt of lightning at you!
The bolt of electricity hits you!
* * * LOW HITPOINT WARNING * * *
The electric eel shoots out a bolt of lightning at you!
The bolt of electricity hits you!
* * * LOW HITPOINT WARNING * * *
Your body deteriorates!
You feel clumsy.
The electric eel shoots out a bolt of lightning at you!
The bolt of electricity hits the electric eel.
The electric eel completely resists.
The bolt of electricity hits you!
You die...
Xom titters!

..##........######<..........#
..##........#
##.########....####
..##..>.....#
#..#.....≈##+#.....
..#.......###
#.#'..PP.≈≈#.#.....
###.......#
#.#....P~.≈#.#.....
..#.......#
##~#...~..††#~#.#### ..+
......# #)~##..~~.≈## #.....
..# ....# ##.########## ######
..# .... #.)#@.~~!S## #
..####..## #.#'..S..≈≈# #
.........## #~#....~S.≈#.#..#
# ..........#
#~#...P.!≈≈#.#..# #
.....[....###~##..P!.≈## #..#
# ##...<.....### ######## #..#
# #...)...#.# #(.# # #########
. ######### #..# #
#############. ........###..##
##


You could see 3 electric eels.

Vanquished Creatures
  Amaemon (D:8)
  An orange demon (D:8)
  Prince Ribbit (D:5)
  Sigmund (D:5)
  A shadow (D:8)
  The ghost of Darkkill the Shooter, an amateur MiHu (D:5)
  A steam dragon (D:6)
  An acid dragon (D:8)
  Menkaure (D:5)
  2 black bears
  A sky beast (D:8)
  2 ice beasts
  An ogre (D:7)
  A centaur (D:7)
  A gnoll sergeant (D:8)
  3 bullfrogs
  A scorpion (D:5)
  5 wights
  2 killer bees (D:8)
  4 howler monkeys
  3 electric eels (D:8)
  2 hounds (D:6)
  A jelly (D:7)
  3 orc priests
  Crazy Yiuf (D:5)
  A sleepcap (D:6)
  2 iguanas
  5 orc wizards
  2 mummies (Ossuary)
  9 gnolls (D:8)
  7 adders
  A shadow imp (D:6)
  A white imp (D:6)
  2 ufetubi (D:6)
  A worm (D:3)
  4 dart slugs
  20 orcs
  6 ball pythons
  5 bats
  5 endoplasms
  2 giant cockroaches
  5 gnoll zombies (Ossuary)
  8 goblins
  5 hobgoblins
  3 quokkas
  6 frilled lizards
  2 goblin zombies (Ossuary)
  3 hobgoblin zombies (Ossuary)
  A kobold (D:1)
  4 orc zombies (Ossuary)
  9 rats
161 creatures vanquished.

Vanquished Creatures (collateral kills)
  Maggie (D:8)
  A bullfrog (D:8)
  2 killer bees (D:8)
4 creatures vanquished.

Vanquished Creatures (others)
  An orc warrior (D:6)
1 creature vanquished.

Grand Total: 166 creatures vanquished

Notes
Turn   | Place    | Note
-------+----------+-------------------------------------------
     0 | D:1      | Xavori the Octopode Chaos Knight began the quest for the
                  | Orb.
     0 | D:1      | Reached XP level 1. HP: 16/16 MP: 1/1
    66 | D:1      | XOM: silly message
   182 | D:1      | Reached XP level 2. HP: 21/21 MP: 2/2
   384 | D:1      | Reached XP level 3. HP: 26/26 MP: 3/3
   396 | D:1      | Found a faded altar of an unknown god.
   447 | D:1      | XOM: summons 2 hostile shadow creatures
   577 | D:1      | You fall into a shaft and drop 1 floor!
   730 | D:1      | XOM: give mutations
   730 | D:1      | Gained mutation: Your flesh is heat resistant. (rF+) [Xom's
                  | mischief]
   730 | D:1      | Gained mutation: Your body sometimes deteriorates upon
                  | taking damage. [Xom's mischief]
  1659 | D:1      | XOM: silly message
  1905 | D:1      | XOM: give mutation
  1905 | D:1      | Gained mutation: You expend magic power (3 MP) to
                  | strengthen your wands. [Xom's mischief]
  2533 | D:1      | XOM: give mutations
  2533 | D:1      | Gained mutation: You possess an exceptional clarity of
                  | mind. [Xom's mischief]
  2533 | D:1      | Gained mutation: Your body often deteriorates upon taking
                  | damage. [Xom's mischief]
  2533 | D:1      | Gained mutation: You are strong-willed. (Will+) [Xom's
                  | mischief]
  2782 | D:1      | XOM is BORED!
  3651 | D:1      | XOM: 5-stop teleportation journey
  3707 | D:1      | XOM: cloud trail
  4322 | D:1      | Identified the ring "Toostra" {Wiz *Slow rC+ rN+ Int+4}
                  | (Xom gifted it to you on level 1 of the Dungeon)
  4322 | D:1      | XOM: god gift: ring "Toostra" {Wiz *Slow rC+ rN+ Int+4}
  5319 | D:1      | XOM: scenery: create altars
  5532 | D:1      | XOM: silly message
  6367 | D:1      | XOM: god gift: wand of acid (3)
  6999 | D:1      | XOM is BORED!
  6999 | D:1      | XOM: summons 4 hostile shadow creatures
  7108 | D:2      | XOM: divination: magic mapping
  7361 | D:1      | XOM is BORED!
  7361 | D:1      | XOM: summons 1 hostile shadow creature
  8208 | D:1      | XOM: scenery: summon butterflies
  8897 | D:1      | XOM: give mutations
  8897 | D:1      | Lost mutation: You are strong-willed. (Will+) [Xom's
                  | mischief]
  8897 | D:1      | Gained mutation: You are clumsy. (Dex -2) [Xom's mischief]
  8897 | D:1      | Lost mutation: You are clumsy. (Dex -2) [Xom's mischief]
  9564 | D:1      | XOM: 5-stop teleportation journey
 10260 | D:1      | XOM: give mutation
 10260 | D:1      | Gained mutation: You are somewhat resistant to further
                  | mutation. [Xom's grace]
 10285 | D:1      | XOM: divination: detect creatures
 10478 | D:2      | XOM: give mutation
 10478 | D:2      | Gained mutation: You have a beak for a mouth. [Xom's grace]
 10726 | D:2      | Found Howe's Book Shoppe.
 10792 | D:3      | XOM: scenery: create altars
 10804 | D:3      | XOM: summons friendly iron imp
 10834 | D:3      | Found a hide-covered altar of Uskayaw.
 10834 | D:3      | Noticed a +0 dagger
 10834 | D:3      | Noticed a +0 dagger
 10943 | D:3      | Reached XP level 4. HP: 33/33 MP: 4/4
 10944 | D:3      | Found a burning altar of Makhleb.
 11033 | D:3      | Reached skill level 1 in Evocations
 11097 | D:3      | Identified the +7 short sword of Valiance {flame, Str+4}
 11100 | D:3      | Found a shimmering blue altar of Sif Muna.
 11230 | D:3      | Found a sparkling altar of Nemelex Xobeh.
 11315 | D:3      | Reached XP level 5. HP: 17/37 MP: 5/5
 11347 | D:3      | XOM: give mutation
 11347 | D:3      | Lost mutation: You possess an exceptional clarity of mind.
                  | [Xom's mischief]
 11494 | D:4      | Reached skill level 1 in Shapeshifting
 11668 | D:4      | XOM: noise
 11975 | D:5      | Entered Level 5 of the Dungeon
 12014 | D:5      | Noticed a black bear
 12017 | D:5      | XOM: summons 3 friendly demons
 12021 | D:5      | Killed a black bear
 12022 | D:5      | Reached XP level 6. HP: 35/43 MP: 6/6
 12063 | D:5      | Found a runed translucent gate.
 12063 | D:5      | Noticed Darkkill's ghost (amateur MiHu)
 12064 | D:5      | Found a runed translucent gate.
 12064 | D:5      | Found a runed translucent gate.
 12081 | D:5      | Killed Darkkill's ghost
 12135 | D:5      | Reached XP level 7. HP: 49/49 MP: 7/7
 12271 | D:5      | XOM: cloud trail
 12273 | D:5      | Found a runed translucent door.
 12274 | D:5      | Noticed Crazy Yiuf
 12283 | D:5      | Killed Crazy Yiuf
 12395 | D:5      | Noticed Prince Ribbit
 12403 | D:5      | Killed Prince Ribbit
 12404 | D:5      | Reached skill level 5 in Fighting
 12545 | D:5      | Noticed Sigmund
 12546 | D:5      | XOM: noise
 12560 | D:5      | Killed Sigmund
 12561 | D:5      | Reached skill level 5 in Short Blades
 12561 | D:5      | Reached XP level 8. HP: 27/55 MP: 8/8
 12871 | D:5      | Noticed Menkaure
 12875 | D:5      | Killed Menkaure
 12889 | D:5      | XOM is BORED!
 12966 | D:6      | Found a staircase to the Ecumenical Temple.
 13123 | D:6      | Found an iron altar of Okawaru.
 13128 | D:6      | Reached skill level 5 in Dodging
 13183 | D:6      | Found a sand-covered staircase.
 13192 | Ossuary  | Entered an ossuary
 13736 | D:6      | Reached skill level 5 in Evocations
 13736 | D:6      | Reached XP level 9. HP: 62/62 MP: 9/9
 14009 | D:7      | Found a broken altar of Ashenzari.
 14164 | D:7      | XOM: scenery: 1 doors close
 14354 | D:7      | XOM: destruction
 14389 | D:7      | XOM: scenery: 2 doors open
 14996 | D:8      | Found a shadowy altar of Dithmenos.
 15059 | D:8      | Noticed Amaemon
 15059 | D:8      | Noticed an orange demon
 15070 | D:8      | Killed an orange demon
 15088 | D:8      | Killed Amaemon
 15089 | D:8      | Reached skill level 5 in Shapeshifting
 15089 | D:8      | Reached XP level 10. HP: 31/71 MP: 10/10
 15270 | D:8      | Noticed Maggie
 15270 | D:8      | XOM: 1-stop teleportation journey
 15276 | D:8      | Killed Maggie
 15524 | D:8      | XOM: noise
 15779 | D:8      | XOM: noise
 15861 | D:8      | XOM: cleaving
 15899 | D:8      | Found Gued's Armour Emporium.
 15938 | D:8      | XOM: 4-stop teleportation journey
 15943 | D:8      | XOM: cast spell 'Olgreb's Toxic Radiance'
 16070 | D:8      | Killed from afar by an electric eel

Illustrated notes

Levels and vault maps discovered:
D:1:      saegor_arrival_under_anarchy, layout_basic,
          chequers_ecumenical_altar_island, minmay_ruptured
D:2:      layout_rooms, serial_shops, nicolae_shop_tiny_real_fake_doors,
          dk_noncrumbling_4
D:3:      layout_loops_cross, lemuel_coloured_pillars_altar,
          overflow_temple_1_default, nemelex_diamond_rough_becter,
          dancing_weapons_uskayaw
D:4:      layout_cave_pools, kennysheep_cross_bottleneck
D:5:      layout_basic, ebering_ghost_rock_garden, uniq_sigmund,
          uniq_crazy_yiuf_cottage, uniq_prince_ribbit1, uniq_menkaure
D:6:      kennysheep_six_static_rooms, layout_loops_cross,
          okawaru_ov_weapons_minmay, minmay_temple_entry_slanted,
          chequers_ossuary_entry_cave
D:7:      layout_gridville, nicolae_ashenzari_panopticon
D:8:      cheibrodos_two_vegetables, layout_basic,
          nicolae_dithmenos_through_a_glass_darkly, serial_shops, shop,
          uniq_maggie, uniq_amaemon

Skill      XL: |  1  2  3  4  5  6  7  8  9 10 |
---------------+-------------------------------+-----
Dodging        | 3 4 5 6 7 |  7.2
Evocations     | 1 2 3 5 6 7 |  7.1
Fighting       | 4 5 7 |  7.4
Shapeshifting  | 1 2 3 4 5 |  5.7
Short Blades   | 4 5 7 |  7.4

Action                     |  1- 3 |  4- 6 |  7- 9 | 10-12 || total
---------------------------+-------+-------+-------+-------++-------
  Melee: Short sword       |    72 |    65 |   182 |    56 ||   375
         Constrict         |    19 |    13 |    47 |     6 ||    85
         Tentacles         |    15 |    10 |    40 |     9 ||    74
         Peck              |     2 |    13 |    44 |    15 ||    74
         Punch             |       |       |     2 |       ||     2
    Use: Scroll            |       |     3 |     5 |       ||     8
         Potion            |       |       |     2 |       ||     2
   Stab: Sleeping          |     8 |     4 |    10 |     2 ||    24
         Paralysed         |       |     1 |       |       ||     1
         Distracted        |       |       |       |     1 ||     1
 Armour: Skin              |    20 |    26 |    79 |    36 ||   161
  Dodge: Dodged            |    43 |    15 |    51 |    28 ||   137
  Block: Kite shield       |     7 |    18 |    51 |    24 ||   100

Table legend: (Time is in decaauts)
 A = Elapsed time spent in this place.
 B = Non-inter-level travel time spent in this place.
 C = Inter-level travel time spent in this place.
 D = Time resting spent in this place.
 E = Time spent auto-exploring this place.
 F = Levels seen in this place.
 G = Mean time per level.
                   A        B        C        D        E       F      G
               +--------+--------+--------+--------+--------+-----+--------+
         Total |  16041 |  15872 |    169 |  10557 |   4249 |   9 | 1782.3 |
       Dungeon |  15899 |  15730 |    169 |  10557 |   4166 |   8 | 1987.4 |
       Ossuary |    141 |    141 |      0 |      0 |     83 |   1 |  141.0 |
               +--------+--------+--------+--------+--------+-----+--------+

Top non-repeatable levels by time:
     D:1: 10095 daAuts
     D:7: 1150 daAuts
     D:8: 1011 daAuts
     D:5: 963 daAuts
     D:6: 800 daAuts
     D:2: 689 daAuts
     D:3: 685 daAuts
     D:4: 502 daAuts
 Ossuary: 141 daAuts
